Map: Abyssal Reef LE

Players

Geralt (Gerald)

  • Race: Protoss Protoss
  • League: Grandmaster
  • Spawn Location: 11:00

VITmaru (Maru) - Winner!

  • Race: Terran Terran
  • Spawn Location: 5:00

Event: HomeStory Cup XXVI

VOD

Have the link to the VOD?

Description

Time

  • Played on: Nov. 29, 2024, 1:34 p.m.
  • Length: 7:10

All games in this series

Show
View Real Time Build Order
Export as new Build Order

Geralt Protoss 

Build Orders: 1 Gate Expand, Blink Stalkers 

Get SALT Encoding   

  12  0:01  Probe  
  13  0:13  Probe  
  14  0:18  Pylon  
  14  0:24  Probe  
  15  0:32  Probe  
  15  0:37  Gateway  
  15  0:40  Probe  
  16  0:47  Assimilator  
  17  0:52  Probe  
  18  1:04  Probe  
  19  1:19  Probe  
  19  1:24  Cybernetics Core  
  20  1:31  Probe  
  21  1:36  Nexus  
  21  1:45  Pylon  
  21  1:49  Probe  
  21  1:54  Adept  
  22  1:55  Assimilator  
  22  2:02  Probe  
  22  2:06  Warp Gate  
  25  2:12  Stalker  
  25  2:14  Probe  
  26  2:27  Probe  
  28  2:39  Probe  
  28  2:43  Twilight Council  
  29  2:45  Stalker  
  31  2:51  Probe  
  31  2:52  Probe  
  33  3:03  Blink  
  33  3:04  Probe x2  
  35  3:16  Probe x2  
  37  3:27  Shield Battery  
  37  3:28  Probe x2  
  37  3:29  Stalker  
  37  3:30  Gateway  
  41  3:41  Robotics Facility, Probe  
  42  3:42  Probe  
  43  3:54  Probe  
  43  3:58  Probe  
  44  4:06  Probe  
  44  4:09  Stalker  
  46  4:13  Pylon  
  46  4:21  Probe  
  46  4:23  Probe  
  42  4:36  Nexus  
  44  4:41  Stalker  
  44  4:44  Probe x2  
  45  4:56  Probe  
  45  4:57  Probe  
  46  5:00  Stalker  
  46  5:04  Forge  
  46  5:05  Templar Archives  
  49  5:07  Probe  
  49  5:08  Probe  
  49  5:11  Pylon  
  51  5:19  Probe  
  51  5:20  Assimilator  
  53  5:21  Probe  
  53  5:22  Observer  
  54  5:31  Probe  
  54  5:32  Gateway  
  54  5:35  Probe  
  55  5:37  Stalker x2  
  56  5:47  Probe  
  56  5:48  Probe  
  56  5:56  Probe  
  57  5:57  Shield Battery  
  57  5:59  Probe  
  57  6:02  Stalker  
  61  6:05  Probe  
  61  6:11  Probe  
  63  6:17  Probe  
  64  6:24  Pylon  
  64  6:25  Pylon  
  63  6:37  Pylon  
  63  6:38  Pylon  
  59  6:41  Gateway  
  59  6:43  Zealot  
  59  6:44  Zealot, Gateway  
  59  6:46  Gateway x2  
Show
View Real Time Build Order
Export as new Build Order

VITmaru Terran - Winner!

Build Orders: 1/1/1, Banshee Rush 

Get SALT Encoding   

  12  0:00  SCV  
  13  0:12  SCV  
  14  0:17  Supply Depot  
  14  0:24  SCV  
  15  0:38  SCV  
  15  0:39  Barracks  
  16  0:44  Refinery  
  16  0:50  SCV  
  16  0:53  Refinery  
  17  1:03  SCV  
  18  1:15  SCV  
  19  1:27  Orbital Command, Reaper  
  20  1:41  Factory  
  20  1:52  Supply Depot  
  20  1:53  SCV  
  21  1:59  Barracks Reactor  
  21  2:05  SCV  
  22  2:17  SCV  
  22  2:22  Command Center  
  23  2:29  Starport  
  23  2:31  SCV  
  23  2:36  Marine x2  
  26  2:42  Supply Depot  
  26  2:44  SCV  
  26  2:49  Widow Mine  
  29  2:54  Marine x2  
  31  3:03  SCV  
  32  3:08  Medivac  
  33  3:13  Factory Tech Lab  
  33  3:15  SCV  
  33  3:17  Marine x2  
  36  3:27  SCV  
  37  3:34  Marine  
  37  3:35  Marine  
  37  3:37  Factory Tech Lab  
  39  3:46  Cloaking Field  
  39  3:56  SCV, Marine x2, Banshee  
  46  4:06  Orbital Command  
  46  4:08  Refinery  
  44  4:10  Siege Tank  
  44  4:14  Marine x2  
  44  4:15  Supply Depot  
  49  4:20  SCV  
  46  4:32  SCV x2  
  46  4:34  Marine x2  
  46  4:38  Supply Depot  
  50  4:43  Banshee  
  50  4:44  SCV  
  54  4:47  Siege Tank  
  54  4:49  SCV  
  58  4:56  SCV  
  59  5:00  Supply Depot  
  59  5:01  SCV, Marine x2  
  62  5:08  SCV  
  63  5:19  Siege Tank  
  66  5:24  Supply Depot, SCV x2  
  66  5:26  Banshee  
  71  5:36  SCV x2  
  73  5:46  Marine x2  
  73  5:48  SCV x2  
  74  5:50  Barracks  
  74  5:52  Siege Tank  
  74  5:56  Supply Depot  
  77  6:00  SCV x2  
  77  6:03  Marine  
  77  6:09  Banshee  
  75  6:12  SCV x2  
  74  6:24  SCV  
  74  6:25  SCV  
  74  6:26  Siege Tank  
  74  6:32  Marine x2  
  76  6:36  SCV  
  76  6:37  SCV  
  77  6:40  Barracks Tech Lab  
  77  6:41  Engineering Bay  
  76  6:48  SCV  
  76  6:49  SCV  
  76  6:50  Marine x2  
Tags
 
Add a new tag
Caveats
  • Supply blocks, unpowered buildings, or Contaminate may cause inaccurate times.
  • Supply counts are checked every 10 seconds.